Devils vs Rangers

Created - 9 mars 2021 at 20:59

Goals
1 2 3 T
Devils 1 1 0 2
Rangers 1 1 2 4
Shots
1 2 3 T
Devils 15 12 4 31
Rangers 14 11 19 44

1st period

1. Rangers , Nick Bonino 15 (Ryan McDonagh 29, Cal Clutterbuck 11) at 12:40
2. Devils , Mike Hoffman 21 (Nicklas Backstrom 32, Ryan Suter 44) at 14:53 (PP)

Penalties :
Dmitry Kulikov (NYR) for Hooking (Minor) at 1:10, Erik Cernak (NYR) for High sticking (Minor) at 4:07, Mikhail Sergachev (NJD) for Holding Stick (Minor) at 6:48, David Savard (NYR) for Hooking (Minor) at 14:09, Mikhail Sergachev (NJD) for Hooking (Minor) at 17:03

2nd period

3. Devils , Tyler Bozak 10 (Zack Smith 13, Damon Severson 23) at 1:15
4. Rangers , David Savard 7 (Noel Acciari 21) at 5:31

Penalties :
Evgeni Malkin (NJD) for Tripping (Minor) at 11:21, Erik Cernak (NYR) for Roughing (Minor) at 17:09

3rd period

5. Rangers , Noel Acciari 18 (Cam Atkinson 33, Vincent Trocheck 39) at 3:25
6. Rangers , Devin Shore 2 (Ryan McDonagh 30, Milan Lucic 4) at 10:45

Penalties :
Matt Niskanen (NYR) for Fighting (Major) at 18:07, Chris Kreider (NJD) for Fighting (Major) at 18:07

Goalie Stats

Marc-Andre Fleury (NJD), 40 saves from 44 shots - (0,909), L, 20-22-5, 60:00 minutes
Andrei Vasilevskiy (NYR), 29 saves from 31 shots - (0,935), W, 32-13-4, 60:00 minutes

Players Stats for Devils

Player Name              G  A  P  +/- PIM S  H  SB GA TA FO     MP     PP MP  PK MP  
------------------------------------------------------------------------------------
Brian Boyle              0  0  0   0  0   0  1  0  0  0  9/12    8:24   0:00   3:20 
Bryan Little             0  0  0   0  0   1  0  0  0  0  0/0     8:59   0:12   3:20 
Cale Makar               0  0  0  -2  0   2  3  0  0  0  0/0    20:16   3:18   1:33 
Chris Kreider            0  0  0   0  5   2  2  0  0  0  2/2    17:53   3:30   0:40 
Damon Severson           0  1  1   0  0   1  0  6  0  0  0/0    22:06   3:11   3:09 
Evgeni Malkin            0  0  0  -3  2   5  1  0  0  0  12/22  18:08   3:42   0:09 
Justin Schultz           0  0  0  -1  0   1  0  3  0  0  0/0    19:11   0:12   2:48 
Mathieu Joseph           0  0  0   0  0   1  0  0  0  0  0/0     5:04   0:00   0:00 
Mike Hoffman             1  0  1  -3  0   3  1  0  0  0  0/0    17:17   2:59   0:00 
Mikhail Sergachev        0  0  0   0  4   1  0  2  0  0  0/0    19:22   3:11   0:50 
Nicklas Backstrom        0  1  1   0  0   0  0  0  0  0  11/22  16:44   1:46   0:31 
Niklas Hjalmarsson       0  0  0  -1  0   1  0  3  0  0  0/0    19:57   0:12   3:34 
Ryan Suter               0  1  1  -2  0   1  3  2  0  0  0/0    19:06   3:18   0:00 
Sam Reinhart             0  0  0  -3  0   0  0  0  0  0  1/2    15:41   1:13   0:00 
T.J. Oshie               0  0  0   0  0   5  1  0  0  0  0/2    17:57   3:30   0:00 
Travis Konecny           0  0  0   0  0   5  1  1  0  0  1/1    16:09   2:59   0:00 
Tyler Bozak              1  0  1   0  0   2  0  0  0  0  12/28  15:30   0:00   1:57 
Zack Smith               0  1  1   0  0   0  3  1  0  0  0/1    16:15   0:12   1:57 

Players Stats for Rangers

Player Name              G  A  P  +/- PIM S  H  SB GA TA FO     MP     PP MP  PK MP  
------------------------------------------------------------------------------------
Alexander Radulov        0  0  0   0  0   5  2  0  0  0  0/0    20:52   3:34   0:00 
Andrew Ladd              0  0  0   1  0   0  1  0  0  0  0/0    12:21   2:18   0:00 
Brandon Pirri            0  0  0   1  0   1  0  0  0  0  4/9     6:27   0:00   0:00 
Cal Clutterbuck          0  1  1   1  0   0  3  0  0  0  0/1    13:44   0:00   3:41 
Cam Atkinson             0  1  1   1  0   7  0  0  0  0  0/0    17:08   3:34   0:00 
Connor McDavid           0  0  0   0  0   1  1  0  0  0  18/36  20:52   3:34   0:00 
David Savard             1  0  1   3  2   1  3  0  0  0  0/0    19:31   0:00   2:21 
Devin Shore              1  0  1   1  0   1  0  0  0  0  0/0     6:27   0:00   0:00 
Dmitry Kulikov           0  0  0   0  2   0  1  1  0  0  0/0    13:24   0:00   0:16 
Erik Cernak              0  0  0   0  4   0  2  1  0  0  0/0    13:07   0:00   0:00 
Matt Niskanen            0  0  0   0  5   2  3  2  0  0  0/0    23:47   3:39   4:04 
Milan Lucic              0  1  1   1  0   2  1  0  0  0  0/0     6:27   0:00   0:00 
Nick Bonino              1  0  1   1  0   4  0  0  0  0  8/18   12:43   0:00   2:40 
Nick Leddy               0  0  0   0  0   3  0  2  0  0  0/0    24:45   3:39   4:04 
Noel Acciari             1  1  2   1  0   9  2  1  0  0  0/2    18:57   2:23   3:00 
Ryan McDonagh            0  2  2   3  0   1  0  4  0  0  0/0    23:03   2:18   2:37 
Vincent Trocheck         0  1  1   1  0   2  2  0  0  0  14/25  19:38   2:23   3:41 
Zach Hyman               0  0  0   0  0   5  2  0  0  0  0/1    20:01   2:23   0:20 

3 Stars

1 - Noel Acciari (NYR)
2 - Ryan McDonagh (NYR)
3 - David Savard (NYR)

Power Play

Devils - 1 on 4 Attempt(s) - 25,00%
Rangers - 0 on 3 Attempt(s) - 0,00%

Penalty Kill

Devils - 3 on 3 Attempt(s) - 100,00% - Score 0 goal in Penalty Kill
Rangers - 3 on 4 Attempt(s) - 75,00% - Score 0 goal in Penalty Kill

Team Stat

Devils - Hits : 16 - Faceoff Wins : 48 - Blocked Shots : 18 - Penalty Minutes : 11
Rangers - Hits : 23 - Faceoff Wins : 44 - Blocked Shots : 11 - Penalty Minutes : 13

Official

Referees : Andrew Howard and Gord Dwyer
Linesman : Dennis Urban and Kiel Murchison

Game Notes

Chris Kreider beats up Matt Niskanen at 18:07 of 3rd period

Finance

Level 1 -- Attendance: 2422 (37,26%) -- Ticket Income 605 500 $
Level 2 -- Attendance: 2100 (42,00%) -- Ticket Income 378 000 $
Level 3 -- Attendance: 1524 (43,54%) -- Ticket Income 182 880 $
Level 4 -- Attendance: 2006 (100,00%) -- Ticket Income 100 300 $
Luxury Box -- Attendance: 495 (49,50%) -- Ticket Income 198 000 $
Game was played at the Madison Square Garden.
Total Attendance: 8547 (47,47%)
Total Ticket Income: 1 464 680 $
Other Income: 717 693 $
Total Income: 2 182 373 $

% Time on Ice - Devils

Lines # - Real PCT - Wanted PCT - Time Play
Normal Forward
1 - 29% - 32% - 13:33
2 - 31% - 32% - 14:27
3 - 30% - 32% - 14:18
4 - 11% - 4% - 5:04
Normal Defense
1 - 33% - 33% - 15:25
2 - 32% - 32% - 15:23
3 - 34% - 32% - 16:11
4 - 1% - 3% - 0:23
PP Forward
1 - 55% - 60% - 3:42
2 - 45% - 40% - 2:59
PP Defense
1 - 52% - 60% - 3:30
2 - 48% - 40% - 3:11
PK Forward
1 - 67% - 60% - 4:00
2 - 33% - 40% - 1:57
PK Defense
1 - 47% - 60% - 2:48
2 - 53% - 40% - 3:09
PK3 Forward
1 - 0% - 60%
2 - 0% - 40%
PK3 Defense
1 - 0% - 60%
2 - 0% - 40%
44 Forward
1 - 0% - 60%
2 - 0% - 40%
44 Defense
1 - 0% - 60%
2 - 0% - 40%
Last Minute Offensive  - 0:00
Last Minute Defensive  - 0:00
Total
Forward - 60:00
Defense - 60:00

% Time on Ice - Rangers

Lines # - Real PCT - Wanted PCT - Time Play
Normal Forward
1 - 37% - 43% - 17:18
2 - 29% - 33% - 13:34
3 - 21% - 15% - 10:03
4 - 14% - 9% - 6:27
Normal Defense
1 - 36% - 44% - 17:02
2 - 36% - 33% - 17:11
3 - 28% - 23% - 13:09
4 - 0% - 0% - 0:00
PP Forward
1 - 60% - 53% - 3:34
2 - 40% - 47% - 2:23
PP Defense
1 - 61% - 53% - 3:39
2 - 39% - 47% - 2:18
PK Forward
1 - 45% - 55% - 3:00
2 - 55% - 45% - 3:41
PK Defense
1 - 61% - 55% - 4:04
2 - 39% - 45% - 2:37
PK3 Forward
1 - 0% - 55%
2 - 0% - 45%
PK3 Defense
1 - 0% - 55%
2 - 0% - 45%
44 Forward
1 - 0% - 55%
2 - 0% - 45%
44 Defense
1 - 0% - 55%
2 - 0% - 45%
Last Minute Offensive  - 0:00
Last Minute Defensive  - 0:00
Total
Forward - 60:00
Defense - 60:00

Play-by-Play

1st period


0:01 of 1st period - Tyler Bozak wins face-off versus Connor McDavid in neutral zone.
0:04 of 1st period - Nick Leddy is hit by Zack Smith.
0:18 of 1st period - Shot by Travis Konecny.
0:18 of 1st period - Shot Blocked by Matt Niskanen.
0:20 of 1st period - Shot by Zack Smith.
0:20 of 1st period - Shot Hit the Post.
0:22 of 1st period - Shot by Ryan Suter.
0:22 of 1st period - Shot Blocked by Nick Leddy.
0:32 of 1st period - Shot by Tyler Bozak.
0:32 of 1st period - Shot Misses the Net.
0:34 of 1st period - Shot by Tyler Bozak.
0:34 of 1st period - Stopped by Andrei Vasilevskiy without a rebound.
0:35 of 1st period - Vincent Trocheck wins face-off versus Nicklas Backstrom in Rangers zone.
0:42 of 1st period - Shot by Noel Acciari.
0:42 of 1st period - Stopped by Marc-Andre Fleury without a rebound.
0:43 of 1st period - Evgeni Malkin wins face-off versus Nick Bonino in Devils zone.
0:43 of 1st period - Evgeni Malkin is hit by Cal Clutterbuck.
1:10 of 1st period - Minor Penalty to Dmitry Kulikov for Hooking.
1:11 of 1st period - Nick Bonino wins face-off versus Evgeni Malkin in Rangers zone.
1:30 of 1st period - Shot by T.J. Oshie.
1:30 of 1st period - Stopped by Andrei Vasilevskiy with a rebound.
1:32 of 1st period - Shot by Cale Makar.
1:32 of 1st period - Stopped by Andrei Vasilevskiy without a rebound.
1:33 of 1st period - Vincent Trocheck wins face-off versus Nicklas Backstrom in Rangers zone.
2:45 of 1st period - Shot by Cale Makar.
2:45 of 1st period - Shot Misses the Net.
3:11 of 1st period - Icing by David Savard.
3:12 of 1st period - Connor McDavid wins face-off versus Brian Boyle in Rangers zone.
3:19 of 1st period - Shot by Brian Boyle.
3:19 of 1st period - Deflect By Mathieu Joseph.
3:19 of 1st period - Shot Misses the Net.
3:33 of 1st period - Shot by Mathieu Joseph.
3:33 of 1st period - Shot Misses the Net.
3:36 of 1st period - Mathieu Joseph is hit by Erik Cernak and loses puck.
3:42 of 1st period - Icing by Dmitry Kulikov.
3:43 of 1st period - Tyler Bozak wins face-off versus Connor McDavid in Rangers zone.
3:51 of 1st period - Travis Konecny is hit by Dmitry Kulikov and loses puck.
4:05 of 1st period - Icing by Erik Cernak.
4:06 of 1st period - Nicklas Backstrom wins face-off versus Connor McDavid in Rangers zone.
4:06 of 1st period - Nicklas Backstrom is hit by Erik Cernak.
4:07 of 1st period - Minor Penalty to Erik Cernak for High sticking.
4:08 of 1st period - Nick Bonino wins face-off versus Evgeni Malkin in Rangers zone.
5:00 of 1st period - Mike Hoffman is hit by Vincent Trocheck and loses puck.
5:15 of 1st period - Shot by Mikhail Sergachev.
5:15 of 1st period - Stopped by Andrei Vasilevskiy with a rebound.
5:17 of 1st period - Shot by Mike Hoffman.
5:17 of 1st period - Stopped by Andrei Vasilevskiy with a rebound.
6:20 of 1st period - Off-side.
6:21 of 1st period - Brandon Pirri wins face-off versus Tyler Bozak in neutral zone.
6:28 of 1st period - Shot by Devin Shore.
6:28 of 1st period - Shot Blocked by Justin Schultz.
6:39 of 1st period - Icing by Ryan McDonagh.
6:40 of 1st period - Brian Boyle wins face-off versus Brandon Pirri in Rangers zone.
6:48 of 1st period - Minor Penalty to Mikhail Sergachev for Holding Stick.
6:49 of 1st period - Brian Boyle wins face-off versus Connor McDavid in Devils zone.
7:48 of 1st period - Shot by Nick Leddy.
7:48 of 1st period - Stopped by Marc-Andre Fleury without a rebound.
7:49 of 1st period - Tyler Bozak wins face-off versus Vincent Trocheck in Devils zone.
8:00 of 1st period - Shot by Noel Acciari.
8:00 of 1st period - Stopped by Marc-Andre Fleury without a rebound.
8:01 of 1st period - Brian Boyle wins face-off versus Connor McDavid in Devils zone.
8:20 of 1st period - Shot by Connor McDavid.
8:20 of 1st period - Shot Misses the Net.
8:30 of 1st period - Damon Severson is hit by Alexander Radulov and loses puck.
9:00 of 1st period - Milan Lucic is hit by Cale Makar and loses puck.
9:08 of 1st period - Devin Shore is hit by Cale Makar and loses puck.
9:51 of 1st period - Shot by Mike Hoffman.
9:51 of 1st period - Deflect By Evgeni Malkin.
9:51 of 1st period - Stopped by Andrei Vasilevskiy without a rebound.
9:52 of 1st period - Vincent Trocheck wins face-off versus Tyler Bozak in Rangers zone.
10:01 of 1st period - Shot by Vincent Trocheck.
10:01 of 1st period - Stopped by Marc-Andre Fleury without a rebound.
10:02 of 1st period - Nick Bonino wins face-off versus Evgeni Malkin in Devils zone.
10:59 of 1st period - Shot by Cam Atkinson.
10:59 of 1st period - Stopped by Marc-Andre Fleury with a rebound.
11:01 of 1st period - Shot by Noel Acciari.
11:01 of 1st period - Shot Misses the Net.
11:03 of 1st period - Shot by Ryan McDonagh.
11:03 of 1st period - Stopped by Marc-Andre Fleury with a rebound.
11:05 of 1st period - Shot by Cam Atkinson.
11:05 of 1st period - Shot Misses the Net.
11:07 of 1st period - Shot by Noel Acciari.
11:07 of 1st period - Deflect By Vincent Trocheck.
11:07 of 1st period - Shot Blocked by Niklas Hjalmarsson.
11:40 of 1st period - Shot by Alexander Radulov.
11:40 of 1st period - Shot Misses the Net.
12:10 of 1st period - Shot by Alexander Radulov.
12:10 of 1st period - Stopped by Marc-Andre Fleury without a rebound.
12:11 of 1st period - Nicklas Backstrom wins face-off versus Brandon Pirri in Devils zone.
12:24 of 1st period - Shot by T.J. Oshie.
12:24 of 1st period - Shot Misses the Net.
12:26 of 1st period - Shot by T.J. Oshie.
12:26 of 1st period - Stopped by Andrei Vasilevskiy without a rebound.
12:27 of 1st period - Travis Konecny wins face-off versus Nick Bonino in Rangers zone.
12:27 of 1st period - Ryan Suter is hit by David Savard and loses puck.
12:40 of 1st period - Shot by Nick Bonino.
12:40 of 1st period - Goal by Nick Bonino - Devils : 0 - Rangers : 1.
12:41 of 1st period - Vincent Trocheck wins face-off versus T.J. Oshie in neutral zone.
12:48 of 1st period - Shot by Vincent Trocheck.
12:48 of 1st period - Shot Misses the Net.
12:50 of 1st period - Shot by Vincent Trocheck.
12:50 of 1st period - Shot Blocked by Mikhail Sergachev.
12:52 of 1st period - Shot by Cam Atkinson.
12:52 of 1st period - Stopped by Marc-Andre Fleury without a rebound.
12:53 of 1st period - Connor McDavid wins face-off versus Tyler Bozak in Devils zone.
13:08 of 1st period - Shot by Travis Konecny.
13:08 of 1st period - Stopped by Andrei Vasilevskiy with a rebound.
13:12 of 1st period - Shot by Travis Konecny.
13:12 of 1st period - Stopped by Andrei Vasilevskiy without a rebound.
13:13 of 1st period - Vincent Trocheck wins face-off versus Nicklas Backstrom in Rangers zone.
13:13 of 1st period - Vincent Trocheck is hit by Chris Kreider.
13:29 of 1st period - Shot by Cam Atkinson.
13:29 of 1st period - Shot Misses the Net.
13:31 of 1st period - Shot by Noel Acciari.
13:31 of 1st period - Shot Misses the Net.
13:33 of 1st period - Shot by Matt Niskanen.
13:33 of 1st period - Stopped by Marc-Andre Fleury without a rebound.
13:34 of 1st period - Connor McDavid wins face-off versus Tyler Bozak in Devils zone.
13:34 of 1st period - Connor McDavid is hit by Ryan Suter.
13:42 of 1st period - Shot by Connor McDavid.
13:42 of 1st period - Deflect By Zach Hyman.
13:42 of 1st period - Stopped by Marc-Andre Fleury with a rebound.
14:09 of 1st period - Minor Penalty to David Savard for Hooking.
14:10 of 1st period - Evgeni Malkin wins face-off versus Nick Bonino in Rangers zone.
14:28 of 1st period - T.J. Oshie is hit by Matt Niskanen and loses puck.
14:37 of 1st period - Shot by T.J. Oshie.
14:37 of 1st period - Stopped by Andrei Vasilevskiy without a rebound.
14:38 of 1st period - Nicklas Backstrom wins face-off versus Vincent Trocheck in Rangers zone.
14:47 of 1st period - Shot by Nicklas Backstrom.
14:47 of 1st period - Shot Blocked by Ryan McDonagh.
14:49 of 1st period - Shot by Ryan Suter.
14:49 of 1st period - Shot Blocked by Ryan McDonagh.
14:51 of 1st period - Shot by Ryan Suter.
14:51 of 1st period - Shot Misses the Net.
14:53 of 1st period - Shot by Nicklas Backstrom.
14:53 of 1st period - Deflect By Mike Hoffman.
14:53 of 1st period - Goal by Mike Hoffman - Devils : 1 - Rangers : 1.
14:54 of 1st period - Connor McDavid wins face-off versus Brian Boyle in neutral zone.
15:02 of 1st period - Shot by Alexander Radulov.
15:02 of 1st period - Stopped by Marc-Andre Fleury without a rebound.
15:03 of 1st period - Vincent Trocheck wins face-off versus Nicklas Backstrom in Devils zone.
15:09 of 1st period - Icing by T.J. Oshie.
15:10 of 1st period - Vincent Trocheck wins face-off versus Nicklas Backstrom in Devils zone.
15:10 of 1st period - Vincent Trocheck is hit by Ryan Suter.
16:02 of 1st period - Damon Severson is hit by Noel Acciari and loses puck.
16:18 of 1st period - Tyler Bozak is hit by David Savard and loses puck.
16:22 of 1st period - Icing by David Savard.
16:23 of 1st period - Evgeni Malkin wins face-off versus Connor McDavid in Rangers zone.
16:30 of 1st period - Shot by Evgeni Malkin.
16:30 of 1st period - Stopped by Andrei Vasilevskiy without a rebound.
16:31 of 1st period - Evgeni Malkin wins face-off versus Cal Clutterbuck in Rangers zone.
16:40 of 1st period - Shot by Evgeni Malkin.
16:40 of 1st period - Shot Misses the Net.
16:42 of 1st period - Shot by Evgeni Malkin.
16:42 of 1st period - Shot Misses the Net.
16:44 of 1st period - Shot by Niklas Hjalmarsson.
16:44 of 1st period - Shot Misses the Net.
16:46 of 1st period - Shot by Justin Schultz.
16:46 of 1st period - Shot Misses the Net.
16:48 of 1st period - Shot by Evgeni Malkin.
16:48 of 1st period - Stopped by Andrei Vasilevskiy without a rebound.
16:49 of 1st period - Nicklas Backstrom wins face-off versus Connor McDavid in Rangers zone.
17:03 of 1st period - Minor Penalty to Mikhail Sergachev for Hooking.
17:04 of 1st period - Brian Boyle wins face-off versus Vincent Trocheck in Devils zone.
17:17 of 1st period - Shot by Nick Leddy.
17:17 of 1st period - Stopped by Marc-Andre Fleury without a rebound.
17:18 of 1st period - Brian Boyle wins face-off versus Connor McDavid in Devils zone.
17:18 of 1st period - Brian Boyle is hit by Connor McDavid.
18:20 of 1st period - Shot by Vincent Trocheck.
18:20 of 1st period - Stopped by Marc-Andre Fleury without a rebound.
18:21 of 1st period - Brian Boyle wins face-off versus Zach Hyman in Devils zone.
18:21 of 1st period - Brian Boyle is hit by Vincent Trocheck.
19:17 of 1st period - Off-side.
19:18 of 1st period - Nick Bonino wins face-off versus Evgeni Malkin in neutral zone.
19:43 of 1st period - Shot by Evgeni Malkin.
19:43 of 1st period - Stopped by Andrei Vasilevskiy with a rebound.
19:57 of 1st period - Shot by Evgeni Malkin.
19:57 of 1st period - Stopped by Andrei Vasilevskiy without a rebound.
19:58 of 1st period - Connor McDavid wins face-off versus Tyler Bozak in Rangers zone.
Goals for this period are 1 for Devils vs 1 for Rangers.
Shots for this period are 15 for Devils vs 14 for Rangers.

2nd period


0:01 of 2nd period - Connor McDavid wins face-off versus Tyler Bozak in neutral zone.
0:04 of 2nd period - Shot by Nick Leddy.
0:04 of 2nd period - Shot Misses the Net.
0:14 of 2nd period - Shot by Travis Konecny.
0:14 of 2nd period - Stopped by Andrei Vasilevskiy without a rebound.
0:15 of 2nd period - Nicklas Backstrom wins face-off versus Vincent Trocheck in Rangers zone.
0:22 of 2nd period - Shot by Chris Kreider.
0:22 of 2nd period - Shot Misses the Net.
1:03 of 2nd period - Icing by Ryan McDonagh.
1:04 of 2nd period - Tyler Bozak wins face-off versus Vincent Trocheck in Rangers zone.
1:11 of 2nd period - Shot by Damon Severson.
1:11 of 2nd period - Shot Blocked by Ryan McDonagh.
1:13 of 2nd period - Shot by Zack Smith.
1:13 of 2nd period - Shot Misses the Net.
1:15 of 2nd period - Shot by Tyler Bozak.
1:15 of 2nd period - Goal by Tyler Bozak - Devils : 2 - Rangers : 1.
1:16 of 2nd period - Evgeni Malkin wins face-off versus Connor McDavid in neutral zone.
1:51 of 2nd period - Sam Reinhart is hit by Matt Niskanen and loses puck.
1:57 of 2nd period - Alexander Radulov is hit by Mike Hoffman and loses puck.
2:02 of 2nd period - Niklas Hjalmarsson is hit by Zach Hyman and loses puck.
2:32 of 2nd period - Travis Konecny is hit by Andrew Ladd and loses puck.
3:05 of 2nd period - David Savard is hit by Travis Konecny and loses puck.
3:10 of 2nd period - Shot by Milan Lucic.
3:10 of 2nd period - Stopped by Marc-Andre Fleury without a rebound.
3:11 of 2nd period - Vincent Trocheck wins face-off versus Nicklas Backstrom in Devils zone.
3:20 of 2nd period - Shot by Noel Acciari.
3:20 of 2nd period - Stopped by Marc-Andre Fleury without a rebound.
3:21 of 2nd period - Vincent Trocheck wins face-off versus T.J. Oshie in Devils zone.
3:27 of 2nd period - Vincent Trocheck is hit by Ryan Suter.
3:32 of 2nd period - Vincent Trocheck is hit by Cale Makar and loses puck.
3:49 of 2nd period - Chris Kreider is hit by David Savard and loses puck.
4:00 of 2nd period - Shot by Nicklas Backstrom.
4:00 of 2nd period - Deflect By T.J. Oshie.
4:00 of 2nd period - Stopped by Andrei Vasilevskiy without a rebound.
4:01 of 2nd period - Evgeni Malkin wins face-off versus Connor McDavid in Rangers zone.
4:27 of 2nd period - Shot by Mike Hoffman.
4:27 of 2nd period - Shot Misses the Net.
4:29 of 2nd period - Shot by Justin Schultz.
4:29 of 2nd period - Stopped by Andrei Vasilevskiy without a rebound.
4:30 of 2nd period - Tyler Bozak wins face-off versus Nick Bonino in Rangers zone.
4:33 of 2nd period - Shot by Mikhail Sergachev.
4:33 of 2nd period - Shot Misses the Net.
4:52 of 2nd period - Shot by Cal Clutterbuck.
4:52 of 2nd period - Shot Misses the Net.
4:54 of 2nd period - Shot by Nick Bonino.
4:54 of 2nd period - Shot Misses the Net.
4:56 of 2nd period - Shot by Nick Bonino.
4:56 of 2nd period - Stopped by Marc-Andre Fleury without a rebound.
4:57 of 2nd period - Connor McDavid wins face-off versus Nicklas Backstrom in Devils zone.
5:12 of 2nd period - Shot by Cale Makar.
5:12 of 2nd period - Stopped by Andrei Vasilevskiy without a rebound.
5:13 of 2nd period - Evgeni Malkin wins face-off versus Vincent Trocheck in Rangers zone.
5:29 of 2nd period - Shot by Noel Acciari.
5:29 of 2nd period - Shot Misses the Net.
5:31 of 2nd period - Shot by David Savard.
5:31 of 2nd period - Goal by David Savard - Devils : 2 - Rangers : 2.
5:32 of 2nd period - Tyler Bozak wins face-off versus Connor McDavid in neutral zone.
5:45 of 2nd period - Shot by Travis Konecny.
5:45 of 2nd period - Stopped by Andrei Vasilevskiy without a rebound.
5:46 of 2nd period - Nicklas Backstrom wins face-off versus Noel Acciari in Rangers zone.
7:23 of 2nd period - Icing by Travis Konecny.
7:24 of 2nd period - Tyler Bozak wins face-off versus Brandon Pirri in Devils zone.
8:08 of 2nd period - Icing by Niklas Hjalmarsson.
8:09 of 2nd period - Evgeni Malkin wins face-off versus Nick Bonino in Devils zone.
8:22 of 2nd period - Shot by Sam Reinhart.
8:22 of 2nd period - Shot Blocked by Matt Niskanen.
8:24 of 2nd period - Shot by Niklas Hjalmarsson.
8:24 of 2nd period - Stopped by Andrei Vasilevskiy with a rebound.
9:38 of 2nd period - Shot by Bryan Little.
9:38 of 2nd period - Stopped by Andrei Vasilevskiy with a rebound.
9:52 of 2nd period - Shot by Zach Hyman.
9:52 of 2nd period - Shot Misses the Net.
9:54 of 2nd period - Shot by Zach Hyman.
9:54 of 2nd period - Shot Misses the Net.
10:44 of 2nd period - Shot by Cam Atkinson.
10:44 of 2nd period - Stopped by Marc-Andre Fleury without a rebound.
10:45 of 2nd period - Brandon Pirri wins face-off versus Evgeni Malkin in Devils zone.
10:46 of 2nd period - Shot by Milan Lucic.
10:46 of 2nd period - Shot Misses the Net.
10:48 of 2nd period - Shot by Devin Shore.
10:48 of 2nd period - Shot Misses the Net.
11:21 of 2nd period - Minor Penalty to Evgeni Malkin for Tripping.
11:22 of 2nd period - Brian Boyle wins face-off versus Connor McDavid in Devils zone.
11:45 of 2nd period - Shot by Alexander Radulov.
11:45 of 2nd period - Shot Blocked by Niklas Hjalmarsson.
11:47 of 2nd period - Shot by Matt Niskanen.
11:47 of 2nd period - Stopped by Marc-Andre Fleury without a rebound.
11:48 of 2nd period - Vincent Trocheck wins face-off versus Tyler Bozak in Devils zone.
11:53 of 2nd period - Shot by Vincent Trocheck.
11:53 of 2nd period - Shot Misses the Net.
12:46 of 2nd period - Shot by Cam Atkinson.
12:46 of 2nd period - Stopped by Marc-Andre Fleury without a rebound.
12:47 of 2nd period - Connor McDavid wins face-off versus Tyler Bozak in Devils zone.
12:48 of 2nd period - Shot by Alexander Radulov.
12:48 of 2nd period - Stopped by Marc-Andre Fleury without a rebound.
12:49 of 2nd period - Connor McDavid wins face-off versus Tyler Bozak in Devils zone.
12:52 of 2nd period - Shot by Alexander Radulov.
12:52 of 2nd period - Stopped by Marc-Andre Fleury without a rebound.
12:53 of 2nd period - Connor McDavid wins face-off versus Brian Boyle in Devils zone.
13:30 of 2nd period - Shot by Chris Kreider.
13:30 of 2nd period - Stopped by Andrei Vasilevskiy without a rebound.
13:31 of 2nd period - Sam Reinhart wins face-off versus Brandon Pirri in Rangers zone.
13:40 of 2nd period - Shot by Mike Hoffman.
13:40 of 2nd period - Stopped by Andrei Vasilevskiy without a rebound.
13:41 of 2nd period - Connor McDavid wins face-off versus Tyler Bozak in Rangers zone.
14:09 of 2nd period - Shot by Zach Hyman.
14:09 of 2nd period - Shot Misses the Net.
14:18 of 2nd period - Shot by Zach Hyman.
14:18 of 2nd period - Shot Blocked by Justin Schultz.
14:20 of 2nd period - Shot by Zach Hyman.
14:20 of 2nd period - Stopped by Marc-Andre Fleury without a rebound.
14:21 of 2nd period - Chris Kreider wins face-off versus Vincent Trocheck in Devils zone.
14:29 of 2nd period - Off-side.
14:30 of 2nd period - Vincent Trocheck wins face-off versus Evgeni Malkin in neutral zone.
15:20 of 2nd period - Icing by Matt Niskanen.
15:21 of 2nd period - Nicklas Backstrom wins face-off versus Vincent Trocheck in Rangers zone.
16:12 of 2nd period - Shot by Connor McDavid.
16:12 of 2nd period - Stopped by Marc-Andre Fleury with a rebound.
16:22 of 2nd period - Shot by Zach Hyman.
16:22 of 2nd period - Shot Misses the Net.
16:46 of 2nd period - Shot by Travis Konecny.
16:46 of 2nd period - Shot Misses the Net.
16:48 of 2nd period - Shot by Justin Schultz.
16:48 of 2nd period - Shot Misses the Net.
16:50 of 2nd period - Shot by Travis Konecny.
16:50 of 2nd period - Stopped by Andrei Vasilevskiy with a rebound.
16:52 of 2nd period - Shot by Niklas Hjalmarsson.
16:52 of 2nd period - Shot Blocked by Dmitry Kulikov.
17:09 of 2nd period - Minor Penalty to Erik Cernak for Roughing.
17:10 of 2nd period - Nick Bonino wins face-off versus Sam Reinhart in Rangers zone.
18:33 of 2nd period - Cal Clutterbuck is hit by T.J. Oshie and loses puck.
19:28 of 2nd period - Shot by Mathieu Joseph.
19:28 of 2nd period - Shot Blocked by Erik Cernak.
19:36 of 2nd period - Shot by Mathieu Joseph.
19:36 of 2nd period - Stopped by Andrei Vasilevskiy without a rebound.
19:37 of 2nd period - Connor McDavid wins face-off versus Tyler Bozak in Rangers zone.
19:37 of 2nd period - Connor McDavid is hit by Zack Smith.
Goals for this period are 1 for Devils vs 1 for Rangers.
Shots for this period are 12 for Devils vs 11 for Rangers.

3rd period


0:01 of 3rd period - Tyler Bozak wins face-off versus Connor McDavid in neutral zone.
0:12 of 3rd period - Shot by Alexander Radulov.
0:12 of 3rd period - Shot Blocked by Damon Severson.
0:14 of 3rd period - Shot by Zach Hyman.
0:14 of 3rd period - Shot Blocked by Mikhail Sergachev.
0:16 of 3rd period - Shot by Matt Niskanen.
0:16 of 3rd period - Shot Blocked by Damon Severson.
0:18 of 3rd period - Shot by Nick Leddy.
0:18 of 3rd period - Shot Blocked by Damon Severson.
0:20 of 3rd period - Shot by Nick Leddy.
0:20 of 3rd period - Stopped by Marc-Andre Fleury with a rebound.
0:28 of 3rd period - Shot by Alexander Radulov.
0:28 of 3rd period - Stopped by Marc-Andre Fleury without a rebound.
0:29 of 3rd period - Vincent Trocheck wins face-off versus Nicklas Backstrom in Devils zone.
0:34 of 3rd period - Shot by Noel Acciari.
0:34 of 3rd period - Shot Misses the Net.
1:09 of 3rd period - Icing by Noel Acciari.
1:10 of 3rd period - Vincent Trocheck wins face-off versus Evgeni Malkin in Rangers zone.
1:15 of 3rd period - Shot by Damon Severson.
1:15 of 3rd period - Stopped by Andrei Vasilevskiy without a rebound.
1:16 of 3rd period - Evgeni Malkin wins face-off versus Connor McDavid in Rangers zone.
1:16 of 3rd period - Damon Severson is hit by Matt Niskanen.
1:39 of 3rd period - Shot by Connor McDavid.
1:39 of 3rd period - Deflect By Alexander Radulov.
1:39 of 3rd period - Shot Misses the Net.
1:41 of 3rd period - Shot by Zach Hyman.
1:41 of 3rd period - Stopped by Marc-Andre Fleury without a rebound.
1:42 of 3rd period - Tyler Bozak wins face-off versus Nick Bonino in Devils zone.
1:46 of 3rd period - Off-side.
1:47 of 3rd period - Vincent Trocheck wins face-off versus Tyler Bozak in neutral zone.
1:55 of 3rd period - Icing by Tyler Bozak.
1:56 of 3rd period - Connor McDavid wins face-off versus Tyler Bozak in Devils zone.
1:59 of 3rd period - Shot by Zach Hyman.
1:59 of 3rd period - Stopped by Marc-Andre Fleury without a rebound.
2:00 of 3rd period - Connor McDavid wins face-off versus Tyler Bozak in Devils zone.
2:11 of 3rd period - Shot by Zach Hyman.
2:11 of 3rd period - Shot Blocked by Niklas Hjalmarsson.
2:20 of 3rd period - Travis Konecny is hit by Zach Hyman and loses puck.
2:25 of 3rd period - Nick Leddy is hit by Zack Smith and loses puck.
3:23 of 3rd period - Shot by Cam Atkinson.
3:23 of 3rd period - Shot Misses the Net.
3:25 of 3rd period - Shot by Noel Acciari.
3:25 of 3rd period - Goal by Noel Acciari - Devils : 2 - Rangers : 3.
3:26 of 3rd period - Chris Kreider wins face-off versus Nick Bonino in neutral zone.
3:56 of 3rd period - Icing by Erik Cernak.
3:57 of 3rd period - Nick Bonino wins face-off versus Evgeni Malkin in Rangers zone.
4:10 of 3rd period - Shot by Nick Bonino.
4:10 of 3rd period - Stopped by Marc-Andre Fleury without a rebound.
4:11 of 3rd period - Brian Boyle wins face-off versus Connor McDavid in Devils zone.
4:34 of 3rd period - Shot by Brian Boyle.
4:34 of 3rd period - Shot Misses the Net.
4:43 of 3rd period - Icing by Nick Leddy.
4:44 of 3rd period - Nicklas Backstrom wins face-off versus Connor McDavid in Rangers zone.
4:53 of 3rd period - Shot by T.J. Oshie.
4:53 of 3rd period - Stopped by Andrei Vasilevskiy without a rebound.
4:54 of 3rd period - Evgeni Malkin wins face-off versus Noel Acciari in Rangers zone.
5:01 of 3rd period - Shot by Sam Reinhart.
5:01 of 3rd period - Shot Blocked by Noel Acciari.
5:05 of 3rd period - Shot by Evgeni Malkin.
5:05 of 3rd period - Shot Blocked by Ryan McDonagh.
5:42 of 3rd period - Justin Schultz is hit by Milan Lucic and loses puck.
5:55 of 3rd period - Shot by Milan Lucic.
5:55 of 3rd period - Stopped by Marc-Andre Fleury with a rebound.
6:05 of 3rd period - Shot by Milan Lucic.
6:05 of 3rd period - Shot Blocked by Justin Schultz.
6:55 of 3rd period - Shot by Ryan Suter.
6:55 of 3rd period - Shot Blocked by Nick Leddy.
6:57 of 3rd period - Shot by Ryan Suter.
6:57 of 3rd period - Stopped by Andrei Vasilevskiy without a rebound.
6:58 of 3rd period - Nick Bonino wins face-off versus Tyler Bozak in Rangers zone.
7:09 of 3rd period - Shot by Nick Bonino.
7:09 of 3rd period - Stopped by Marc-Andre Fleury with a rebound.
7:11 of 3rd period - Shot by Nick Bonino.
7:11 of 3rd period - Shot Misses the Net.
7:13 of 3rd period - Shot by Nick Bonino.
7:13 of 3rd period - Shot Blocked by Zack Smith.
7:15 of 3rd period - Shot by Cal Clutterbuck.
7:15 of 3rd period - Shot Blocked by Damon Severson.
7:17 of 3rd period - Shot by Cal Clutterbuck.
7:17 of 3rd period - Shot Misses the Net.
7:50 of 3rd period - Icing by Connor McDavid.
7:51 of 3rd period - Nicklas Backstrom wins face-off versus Connor McDavid in Rangers zone.
7:57 of 3rd period - Icing by Matt Niskanen.
7:58 of 3rd period - Connor McDavid wins face-off versus Nicklas Backstrom in Rangers zone.
8:50 of 3rd period - Matt Niskanen is hit by Brian Boyle and loses puck.
9:29 of 3rd period - Shot by Cam Atkinson.
9:29 of 3rd period - Stopped by Marc-Andre Fleury with a rebound.
9:31 of 3rd period - Shot by Noel Acciari.
9:31 of 3rd period - Stopped by Marc-Andre Fleury without a rebound.
9:32 of 3rd period - Tyler Bozak wins face-off versus Nick Bonino in Devils zone.
9:32 of 3rd period - Tyler Bozak is hit by Cal Clutterbuck.
9:56 of 3rd period - Shot by Nick Bonino.
9:56 of 3rd period - Shot Misses the Net.
9:58 of 3rd period - Shot by Andrew Ladd.
9:58 of 3rd period - Shot Blocked by Damon Severson.
10:00 of 3rd period - Shot by Nick Bonino.
10:00 of 3rd period - Shot Misses the Net.
10:02 of 3rd period - Shot by Cal Clutterbuck.
10:02 of 3rd period - Shot Blocked by Travis Konecny.
10:25 of 3rd period - Icing by Ryan McDonagh.
10:26 of 3rd period - Brandon Pirri wins face-off versus Evgeni Malkin in Rangers zone.
10:35 of 3rd period - Shot by Milan Lucic.
10:35 of 3rd period - Shot Blocked by Ryan Suter.
10:45 of 3rd period - Shot by Devin Shore.
10:45 of 3rd period - Goal by Devin Shore - Devils : 2 - Rangers : 4.
10:46 of 3rd period - Connor McDavid wins face-off versus Nicklas Backstrom in neutral zone.
11:07 of 3rd period - Shot by Zach Hyman.
11:07 of 3rd period - Shot Misses the Net.
11:11 of 3rd period - Shot by Zach Hyman.
11:11 of 3rd period - Shot Misses the Net.
11:51 of 3rd period - Shot by Cam Atkinson.
11:51 of 3rd period - Stopped by Marc-Andre Fleury with a rebound.
12:28 of 3rd period - Icing by Cale Makar.
12:29 of 3rd period - Evgeni Malkin wins face-off versus Nick Bonino in Devils zone.
12:29 of 3rd period - Ryan Suter is hit by Cal Clutterbuck and loses puck.
13:35 of 3rd period - Icing by Nick Bonino.
13:36 of 3rd period - Tyler Bozak wins face-off versus Nick Bonino in Rangers zone.
15:13 of 3rd period - Shot by Cam Atkinson.
15:13 of 3rd period - Shot Misses the Net.
15:19 of 3rd period - Shot by Noel Acciari.
15:19 of 3rd period - Stopped by Marc-Andre Fleury without a rebound.
15:20 of 3rd period - Brandon Pirri wins face-off versus Evgeni Malkin in Devils zone.
15:35 of 3rd period - Shot by Brandon Pirri.
15:35 of 3rd period - Stopped by Marc-Andre Fleury without a rebound.
15:36 of 3rd period - Nicklas Backstrom wins face-off versus Vincent Trocheck in Devils zone.
15:41 of 3rd period - Shot by Cam Atkinson.
15:41 of 3rd period - Deflect By Vincent Trocheck.
15:41 of 3rd period - Shot Blocked by Ryan Suter.
15:43 of 3rd period - Shot by Dmitry Kulikov.
15:43 of 3rd period - Shot Misses the Net.
15:59 of 3rd period - Shot by Noel Acciari.
15:59 of 3rd period - Stopped by Marc-Andre Fleury without a rebound.
16:00 of 3rd period - Tyler Bozak wins face-off versus Brandon Pirri in Devils zone.
17:48 of 3rd period - Shot by Chris Kreider.
17:48 of 3rd period - Stopped by Andrei Vasilevskiy without a rebound.
17:49 of 3rd period - Nick Bonino wins face-off versus Nicklas Backstrom in Rangers zone.
17:49 of 3rd period - Nick Bonino is hit by Chris Kreider.
18:07 of 3rd period - Chris Kreider beats up Matt Niskanen.
18:07 of 3rd period - Penalty to Matt Niskanen for Fighting.
18:07 of 3rd period - Penalty to Chris Kreider for Fighting.
18:08 of 3rd period - Brian Boyle wins face-off versus Vincent Trocheck in Rangers zone.
18:17 of 3rd period - Shot by Cam Atkinson.
18:17 of 3rd period - Shot Misses the Net.
18:19 of 3rd period - Shot by Cam Atkinson.
18:19 of 3rd period - Deflect By Vincent Trocheck.
18:19 of 3rd period - Shot Blocked by Damon Severson.
18:25 of 3rd period - Shot by Cam Atkinson.
18:25 of 3rd period - Stopped by Marc-Andre Fleury with a rebound.
18:27 of 3rd period - Shot by Noel Acciari.
18:27 of 3rd period - Shot Hit the Post.
18:29 of 3rd period - Shot by Noel Acciari.
18:29 of 3rd period - Stopped by Marc-Andre Fleury without a rebound.
18:30 of 3rd period - Nicklas Backstrom wins face-off versus Connor McDavid in Devils zone.
18:30 of 3rd period - Nicklas Backstrom is hit by Alexander Radulov.
18:39 of 3rd period - Off-side.
18:40 of 3rd period - Connor McDavid wins face-off versus Tyler Bozak in neutral zone.
18:53 of 3rd period - Off-side.
18:54 of 3rd period - Evgeni Malkin wins face-off versus Vincent Trocheck in neutral zone.
18:54 of 3rd period - Evgeni Malkin is hit by Noel Acciari.
19:08 of 3rd period - Ryan McDonagh is hit by Evgeni Malkin.
19:20 of 3rd period - Shot by Cam Atkinson.
19:20 of 3rd period - Shot Misses the Net.
19:22 of 3rd period - Shot by Noel Acciari.
19:22 of 3rd period - Shot Misses the Net.
19:24 of 3rd period - Shot by Ryan McDonagh.
19:24 of 3rd period - Shot Misses the Net.
19:26 of 3rd period - Shot by Noel Acciari.
19:26 of 3rd period - Stopped by Marc-Andre Fleury without a rebound.
19:27 of 3rd period - Connor McDavid wins face-off versus Zack Smith in Devils zone.
19:28 of 3rd period - Shot by Zach Hyman.
19:28 of 3rd period - Stopped by Marc-Andre Fleury with a rebound.
19:38 of 3rd period - Shot by Connor McDavid.
19:38 of 3rd period - Shot Misses the Net.
19:52 of 3rd period - Shot by T.J. Oshie.
19:52 of 3rd period - Shot Misses the Net.
Goals for this period are 0 for Devils vs 2 for Rangers.
Shots for this period are 4 for Devils vs 19 for Rangers.